 Dungeon Crawl Stone Soup version 0.32-a0-42-ga30500b4d3 (webtiles) character file.

Game seed: 14433733989092659334

9 IdlyInterested the Changeling (level 2, -2/18 HPs)
             Began as an Octopode Shapeshifter on Jan 29, 2024.
             Slain by a quokka (4 damage)
             ... on level 1 of the Dungeon.
             The game lasted 00:00:59 (62 turns).

IdlyInterested the Changeling (Octopode Shapeshifter) Turns: 62, Time: 00:00:59

Health: -2/18      AC:  1    Str: 13    XL:     2   Next: 16%
Magic:  2/2        EV: 13    Int: 12    God:
Gold:   0          SH:  0    Dex: 11    Spells: 1/1 levels left

rFire   . .          .
                       - Unarmed
rCold   . . .        (no shield)
rNeg    . . .        (helmet currently unavailable)
rPois   .            (no amulet)
rElec   .            (no ring)
rCorr   .            (no ring)
SInv    .            (no ring)
Will    .....        (no ring)
Stlth   ++           (no ring)
HPRegen 0.23/turn    (no ring)
MPRegen 0.08/turn    (no ring)
                     (no ring)

%: no passive effects
@: beast-form
A: beast (slay +1), almost no armour, amphibious, 8 rings, camouflage 1,
gelatinous body 1, (nimble swimmer 1), tentacles
a: Begin Untransformation


You were on level 1 of the Dungeon.
You were a hulking beast.
You visited 1 branch of the dungeon, and saw 1 of its levels.

Inventory:

Talismans
 b - a beast talisman
 c - a flux talisman
Potions
 a - a potion of lignification


   Skills:
 - Level 1.0 Fighting
 - Level 2.0 Dodging
 - Level 1.0 Stealth
 + Level 3.1 Unarmed Combat
 + Level 0.0 Evocations
 * Level 3.2 Shapeshifting


You had one spell level left.
You didn't know any spells.
Your spell library contained the following spells:

 Spells                   Type           Power      Damage    Failure   Level
 Freeze                   Ice            0%         1d3       32%         1
 Frozen Ramparts          Ice            0%         1d1       69%         3
 Hailstorm                Conj/Ice       0%         3d5       69%         3


Dungeon Overview and Level Annotations

Branches:
Dungeon (1/15)

Altars:


Innate Abilities, Weirdness & Mutations

You are a hulking beast.
Your limbs bulge with bestial killing power. (Slay +1)
You cannot wear most types of armour.
You are amphibious.
You can wear up to eight rings at the same time.
Your skin changes colour to match your surroundings (Stealth+).
Your rubbery body absorbs attacks. (AC +1, EV +1)
((You are camouflaged when in or above water. (Stealth+)))
You have tentacles for arms and can constrict up to eight enemies at once.


Message History

The bat completely misses you. The bat barely misses you.
The ball python completely misses you. The ball python barely misses you.
The bat attacks as it pursues you! The bat misses you.
The frilled lizard barely misses you. The bat misses you.
You closely miss the frilled lizard. You grab the frilled lizard.
You constrict the frilled lizard. The bat barely misses you.
The frilled lizard barely misses you. The goblin hits you with a +0 dagger.
* * * LOW HITPOINT WARNING * * *
You tentacle-slap the frilled lizard.
You kill the frilled lizard!
The bat misses you. The goblin hits you but does no damage.
An endoplasm comes into view.
The endoplasm quivers.
The bat closely misses you.
You see here a frilled lizard corpse.
You tentacle-slap the bat.
You kill the bat!
You have reached level 2!
You tentacle-slap the quokka but do no damage.
You grab the quokka.
You constrict the quokka, but do no damage.
The quokka closely misses you.
You tentacle-slap the quokka.
The quokka is almost dead.
You constrict the quokka.
You kill the quokka!
Training target 1.0 for Stealth reached!
Your Stealth skill increases to level 1!
You closely miss the hobgoblin. Your grab misses the hobgoblin.
You squeeze the hobgoblin.
You kill the hobgoblin!
You closely miss the quokka. Your grab misses the quokka. The quokka bites you.
* * * LOW HITPOINT WARNING * * *
You closely miss the quokka. Your grab misses the quokka.
Your squeeze misses the quokka. The quokka bites you.
* * * LOW HITPOINT WARNING * * *
You tentacle-slap the endoplasm.
The endoplasm is moderately wounded.
The quokka bites you.
You die...

#..........#
.......... #........#
. ##........## ..
#..........# ..#
#..........##### ..#
#.................#
#.........K.###...###
#.....†....JrhJ......
##........###..######
# ##........##.## ##.
##..#....##.# ...
##...#.....# ..#
#..?...#### #.#
#....#.# #. #...##..
#


You could see 2 endoplasms, a quokka and a kobold.

Vanquished Creatures
  A ball python (D:1)
  A bat (D:1)
  2 hobgoblins (D:1)
  A quokka (D:1)
  2 frilled lizards (D:1)
  A kobold (D:1)
  A rat (D:1)
9 creatures vanquished.

Notes
Turn   | Place    | Note
-------+----------+-------------------------------------------
     0 | D:1      | IdlyInterested the Octopode Shapeshifter began the quest
                  | for the Orb.
     0 | D:1      | Reached XP level 1. HP: 13/13 MP: 1/1
    57 | D:1      | Reached XP level 2. HP: 6/18 MP: 2/2
    59 | D:1      | Reached skill level 1 in Stealth
    62 | D:1      | Slain by a quokka

Illustrated notes

Levels and vault maps discovered:
D:1:      roderic_crossed_star, layout_rooms

Skill      XL: |  1  2 |
---------------+-------+-----
Stealth        | 1 |  1.0
Fighting       | |  1.0
Dodging        | |  2.0
Unarmed Combat | |  3.1
Shapeshifting  | |  3.2

Action                     || total
---------------------------++-------
  Melee: Unarmed           ||    14
         Constrict         ||     3
         Tentacles         ||     2
         Punch             ||     1
 Armour: Skin              ||    14
  Dodge: Dodged            ||    16

Table legend: (Time is in decaauts)
 A = Elapsed time spent in this place.
 B = Non-inter-level travel time spent in this place.
 C = Inter-level travel time spent in this place.
 D = Time resting spent in this place.
 E = Time spent auto-exploring this place.
 F = Levels seen in this place.
 G = Mean time per level.
                   A        B        C        D        E       F      G
               +--------+--------+--------+--------+--------+-----+--------+
         Total |     61 |     61 |      0 |      0 |     30 |   1 |   61.0 |
       Dungeon |     61 |     61 |      0 |      0 |     30 |   1 |   61.0 |
               +--------+--------+--------+--------+--------+-----+--------+

Top non-repeatable levels by time:
     D:1: 61 daAuts
